 Dungeon Crawl Stone Soup version 0.31-a0-844-gdc52ec4e09 (webtiles) character file.

Game seed: 7533560728330122420

179 kae the Changeling (level 5, -1/32 HPs)
             Began as a Draconian Shapeshifter on Sept 28, 2023.
             Killed from afar by Natasha (8 damage)
             ... with a puff of flame
             ... on level 3 of the Dungeon.
             The game lasted 00:03:30 (2362 turns).

kae the Changeling (Draconian Shapeshifter)         Turns: 2362, Time: 00:03:30

Health: -1/32      AC:  5    Str: 16    XL:     5   Next: 32%
Magic:  5/5        EV: 12    Int: 11    God:
Gold:   85         SH:  0    Dex: 12    Spells: 4/4 levels left

rFire   . .          .
                       - Unarmed
rCold   . . .        (shield currently unavailable)
rNeg    . . .        (body armour unavailable)
rPois   +            (helmet restricted)
rElec   .            (no cloak)
rCorr   .            (no gloves)
SInv    .            (no boots)
Will    .....        (no amulet)
Stlth   +            P - ring of poison resistance
HPRegen 0.25/turn    (no ring)
MPRegen 0.09/turn

%: no passive effects
@: flux-form, slowed, glowing, very slow
A: glow, contaminating, reduced hp, AC +5, unfitting armour, cold-blooded
a: Begin Untransformation


You were on level 3 of the Dungeon.
You were something dangerously unstable.
You visited 1 branch of the dungeon, and saw 3 of its levels.

You collected 129 gold pieces.
You spent 44 gold pieces at shops.


Innate Abilities, Weirdness & Mutations

You are something dangerously unstable.
You glow with magical radiation, making you easy to see and hit.
Foes you strike become dangerously contaminated with magical radiation.
Your maximum health is decreased, since you lack skill for your form.
You are incapable of wielding weapons or throwing items.
Your plain brown scales are hard. (AC +5)
You cannot fit into any form of body armour.
You are cold-blooded and may be slowed by cold attacks.


   Skills:
 - Level 1.1 Fighting
 - Level 1.7 Dodging
 + Level 4.2 Unarmed Combat
 * Level 5.0 Shapeshifting


You had 4 spell levels left.
You didn't know any spells.
Your spell library contained the following spells:

 Spells                   Type           Power      Damage    Failure   Level
 Magic Dart               Conj           0%         1d3       34%         1
 Call Imp                 Summ           0%         N/A       47%         2
 Mephitic Cloud           Conj/Pois/Air  0%         N/A       71%         3

Inventory:

Missiles
 d - 39 stones
 g - 8 boomerangs
 m - a throwing net {=f!f}
Armour
 h - a +2 pair of gloves
   (You found it on level 2 of the Dungeon)
Jewellery
 P - a ring of poison resistance (left hand)
   (You found it on level 2 of the Dungeon)
Talismans
 b - a beast talisman
 c - a flux talisman (active)
Scrolls
 f - a scroll of poison {unknown}
 i - a scroll of identify {@r1}
 k - a scroll of teleportation {@r4}
 n - a scroll of fog {unknown}
Potions
 a - a potion of ambrosia {unknown}
 e - 2 potions of enlightenment
 j - a potion of degeneration {!q}
 l - 2 potions of curing {@q1}

Dungeon Overview and Level Annotations

Branches:
Dungeon (3/15) Zot: 15642

Altars:

Shops:
D:2 !

Annotations:
D:3 Natasha

.......#.... ...... .......
.# .... #.... #........ .#
.... ...> #........ .#...<. #
....(...###.#...#. #
.................. .#######
...........................
...........................
..........ph...............
........#..................
........#.....#.........###
........#.....# ##........
........#.....#. #........
................###..<.....
.####...##........+..#.#.....
.........#........##)#.......
.........#†..............####


You could see Natasha (misshapen).


Message History

😕 HP[-1]
You take 1 damage, and now have 29/31 hp.
You barely miss the quokka.
Your tail-slap misses the quokka.
The quokka closely misses you.
You hit the quokka.
You kill the quokka!
Jessica shouts, "You are a ghastly nuisance!"
Unknown command.
No target in view!
No target in view!
Jessica barely misses you.
There is an open door here.
You see here a quokka corpse.
You hit Jessica but do no damage.
Jessica begins to glow.
Jessica mumbles some strange words.
Jessica blinks!
Jessica mumbles some strange words.
Jessica blinks! 😕 HP[+1]
Things that are here:
a +1 whip of freezing; an orc corpse You hit Jessica.
Jessica glows dangerously bright.
Jessica closely misses you.
You hit Jessica.
Jessica shudders as magic cascades through her.
Jessica twists and deforms.
Jessica gestures at you while chanting.
You barely resist. You hit Jessica.
You kill Jessica!
Your Shapeshifting skill increases to level 5! 😎 HP[+2]
You now have 32 max hp (+1).
Your hp is fully restored (32).
No target in view!
No target in view!
Unknown command.
There is an open door here.
You see here a quokka corpse.
Key pressed, stopping explore.
Unknown command.
f - a scroll labelled ONELYNLY QUUF Unknown command.
l - a potion of curing {@q1}
l - 2 potions of curing {@q1} (gained 1)
There is an open door here.
You see here a quokka corpse.
n - a scroll labelled CIRIYPR WIOCVA A bat comes into view.
The bat moves out of view.
The bat hits you but does no damage.
A bat is nearby!
A bat is nearby!
A bat is nearby!
You hit the bat.
You kill the bat!
No target in view!
Natasha, Servant of Life and Death comes into view.
She is carrying a wand of flame.
Natasha hisses angrily.
Natasha zaps a wand.
The puff of flame hits you. 😕 HP[-6]
You take 6 damage, and now have 26/32 hp.
Found an escape hatch in the ceiling.
Natasha zaps a wand.
The puff of flame hits you! 😮 HP[-7]
You take 7 damage, and now have 19/32 hp.
MASSIVE DAMAGE!! (PAUSE)
You closely miss Natasha.
Your tail-slap misses Natasha.
Natasha zaps a wand.
The puff of flame hits you.
* * * LOW HITPOINT WARNING * * *
😨 HP[-5]
You take 5 damage, and now have 14/32 hp.
You hit Natasha.
Natasha begins to glow.
Natasha wildly gestures.
You feel troubled. Natasha claws you.
* * * LOW HITPOINT WARNING * * *
😨 HP[-4]
You take 4 damage, and now have 10/32 hp.
Unknown command.
You hit Natasha but do no damage.
Natasha glows dangerously bright.
Natasha closely misses you.
You barely miss Natasha.
Natasha stares at you and mumbles some strange words.
The magic dart hits you.
* * * LOW HITPOINT WARNING * * *
😱 HP[-4]
You take 4 damage, and now have 6/32 hp.
Unknown command.
You hit Natasha but do no damage.
Natasha shudders as magic cascades through her!
Natasha twists and deforms.
Your tail-slap misses Natasha.
Natasha casts a spell at you.
You feel yourself slow down.
You barely miss Natasha.
Natasha zaps a wand.
The puff of flame hits you!
You die...
Natasha curls up and begins to purr.

Skill      XL: |  1  2  3  4  5 |
---------------+----------------+-----
Shapeshifting  | 4 5 |  5.0
Unarmed Combat | 4 |  4.2
Fighting       | |  1.1
Dodging        | |  1.7

Action                     |  1- 3 |  4- 6 || total
---------------------------+-------+-------++-------
  Melee: Unarmed           |    99 |    77 ||   176
         Tailslap          |     6 |     9 ||    15
         Punch             |     2 |       ||     2
    Use: Scroll            |     3 |       ||     3
         Potion            |       |     4 ||     4
   Stab: Distracted        |     1 |       ||     1
         Sleeping          |     1 |       ||     1
 Armour: Skin              |    47 |    71 ||   118
  Dodge: Dodged            |    66 |    52 ||   118
   Form: Flux              |     1 |       ||     1

Levels and vault maps discovered:
D:1:      dpeg_arrival_refuge, layout_basic, minmay_tromino_i2
D:2:      layout_rooms, hellmonk_ecumenical_altar_lost_god, serial_shops, shop,
          minmay_diced_spiral
D:3:      layout_basic, kennysheep_jessica_study, uniq_natasha

Notes
Turn   | Place    | Note
-------+----------+-------------------------------------------
     0 | D:1      | kae the Draconian Shapeshifter began the quest for the Orb.
     0 | D:1      | Reached XP level 1. HP: 16/16 MP: 1/1
     0 | D:1      | magus.rc [v1.11.3]
   501 | D:1      | Reached XP level 2. HP: 21/23 MP: 2/2
   863 | D:1      | You pick up a book of Minor Magic and begin reading...
   863 | D:1      | You add the spells Magic Dart, Call Imp and Mephitic Cloud
                  | to your library.
  1013 | D:2      | Found Qeud's Distillery.
  1014 | D:2      | Found a faded altar of an unknown god.
  1040 | D:2      | HP: 5/23 [jackal (1)]
  1183 | D:2      | Reached XP level 3. HP: 28/28 MP: 3/3
  1200 | D:2      | Bought a potion of curing for 33 gold pieces
  1200 | D:2      | Bought a potion of degeneration for 11 gold pieces
  1359 | D:2      | Reached skill level 4 in Shapeshifting
  1563 | D:2      | Reached XP level 4. HP: 24/35 MP: 4/4
  1601 | D:3      | Noticed Natasha
  1604 | D:2      | HP: 4/25 [gnoll/+0 spear (5)]
  2034 | D:3      | HP: 4/26 [Natasha/puff of flame (10)]
  2036 | D:3      | Killed Natasha
  2037 | D:3      | Reached skill level 4 in Unarmed Combat
  2062 | D:3      | HP: 11/52 [goblin/sling bullet (1)]
  2166 | D:3      | Reached XP level 5. HP: 27/40 MP: 5/5
  2283 | D:3      | Noticed Jessica
  2298 | D:3      | Killed Jessica
  2299 | D:3      | Reached skill level 5 in Shapeshifting
  2349 | D:3      | Noticed Natasha
  2360 | D:3      | HP: 6/32 [Natasha/magic dart (4)]
  2362 | D:3      | Killed from afar by Natasha

Vanquished Creatures
  Jessica (D:3)
  Natasha (D:3)
  3 gnolls (D:2)
  3 adders
  2 worms (D:2)
  2 dart slugs
  5 orcs (D:3)
  A ball python (D:2)
  5 bats
  3 endoplasms (D:2)
  A giant cockroach (D:2)
  6 goblins
  2 hobgoblins
  6 jackals
  2 quokkas
  3 frilled lizards
  7 kobolds
  5 rats
58 creatures vanquished.

Table legend:
 A = Non-vault XP
 B = Vault XP
 C = Vault XP percentage of total XP
 D = Non-vault monster count
 E = Vault monster count
 F = Vault count percentage of total count
                 A         B        C        D         E       F
            +---------+---------+-------+---------+---------+-------
      Total |     171 |      85 |  33.2 |      51 |       7 |  12.1
            +---------+---------+-------+---------+---------+-------
        D:1 |      14 |       1 |   6.7 |       7 |       1 |  12.5
        D:2 |     113 |       9 |   7.4 |      28 |       3 |   9.7
        D:3 |      44 |      75 |  63.0 |      16 |       3 |  15.8
            +---------+---------+-------+---------+---------+-------

Skill      XL: |  1  2  3  4  5 |
---------------+----------------+-----
Shapeshifting  | 4 5 |  5.0
Unarmed Combat | 4 |  4.2
Fighting       | |  1.1
Dodging        | |  1.7

Action                     |  1- 3 |  4- 6 || total
---------------------------+-------+-------++-------
  Melee: Unarmed           |    99 |    77 ||   176
         Tailslap          |     6 |     9 ||    15
         Punch             |     2 |       ||     2
    Use: Scroll            |     3 |       ||     3
         Potion            |       |     4 ||     4
   Stab: Distracted        |     1 |       ||     1
         Sleeping          |     1 |       ||     1
 Armour: Skin              |    47 |    71 ||   118
  Dodge: Dodged            |    66 |    52 ||   118
   Form: Flux              |     1 |       ||     1

Illustrated notes

Table legend:
 A = Kills in this place as a percentage of kills in the entire game.
 B = Kills by you in this place as a percentage of kills by you in the entire game.
 C = Kills by friends in this place as a percentage of kills by friends in the entire game.
 D = Other kills in this place as a percentage of other kills in the entire game.
 E = Experience gained in this place as a percentage of experience gained in the entire game.
 F = Experience gained in this place divided by the number of levels of this place that you have seen.
                   A       B       C       D       E      F
               +-------+-------+-------+-------+-------+----------------------
         Total | 100.0 | 100.0 |   N/A |   N/A | 100.0 |  85.3
       Dungeon | 100.0 | 100.0 |   N/A |   N/A | 100.0 |  85.3
               +-------+-------+-------+-------+-------+----------------------

Table legend: (Time is in decaauts)
 A = Elapsed time spent in this place.
 B = Non-inter-level travel time spent in this place.
 C = Inter-level travel time spent in this place.
 D = Time resting spent in this place.
 E = Time spent auto-exploring this place.
 F = Levels seen in this place.
 G = Mean time per level.
                   A        B        C        D        E       F      G
               +--------+--------+--------+--------+--------+-----+--------+
         Total |   2355 |   2208 |    147 |    242 |   1538 |   3 |  785.0 |
       Dungeon |   2355 |   2208 |    147 |    242 |   1538 |   3 |  785.0 |
               +--------+--------+--------+--------+--------+-----+--------+

Top non-repeatable levels by time:
     D:1: 1024 daAuts
     D:2: 879 daAuts
     D:3: 451 daAuts
